AoeStats
← [GDL] Maldito Pantoja

Highland

503955095Analyzed
4v4 RM · 1mo ago on Sep 3, 2026· 37m 5s· 8 players
Game mode
Random Map
Map size
Large (8 player)
Population
200
Speed
Normal
Resources
Standard
Victory
Conquest
Starting age
Dark Age
Ending age
Imperial Age
RankedLock teamsTeams togetherTeam positionsShared explorationLock speedFull tech treeHidden civsTurbo modeCheats
Victory
Defeat
🇦🇷 Huns · Argentina
1493
+9
🇦🇷 Britons · Argentina
1407
+12
🇦🇷 Mongols · Argentina
1355
+15
🇦🇷 Persians · Argentina
1271
+18
🇺🇸 Italians · United States
1354
-15
🇲🇽 Saracens · Mexico
1343
-14
🇯🇵 Koreans · Japan
1322
-13
🇨🇳 Persians · China
1290
-12
B.R Matias
10:29 Feudal Age
8:50 Loom
11:14 Feudal Age
14:49 Castle Age
13:11 Double-Bit Axe
13:12 Horse Collar
16:04 Scale Barding Armor
25:48 Wheelbarrow
25:34 Chain Barding Armor
26:11 Forging
26:52 Heavy Plow
27:02 Bow Saw
31:02 Iron Casting
31:13 Bloodlines
31:04 Husbandry
31:34 Marauders
32:38 Gold Mining
37:05 Imperial Age
Lym
8:25 Loom
11:10 Feudal Age
16:26 Castle Age
15:29 Fletching
16:31 Crossbowman
17:12 Bodkin Arrow
20:09 Horse Collar
20:15 Double-Bit Axe
21:49 Padded Archer Armor
27:23 Bow Saw
29:57 Wheelbarrow
31:36 Leather Archer Armor
33:18 Ballistics
33:56 Hand Cart
33:37 Gold Mining
33:38 Stone Mining
34:07 Heavy Plow
38:16 Imperial Age
felixaleman1010
4:03 Loom
7:03 Loom
8:58 Feudal Age
9:54 Double-Bit Axe
10:00 Horse Collar
16:57 Forging
19:53 Bloodlines
22:16 Castle Age
22:17 Scale Barding Armor
25:17 Iron Casting
26:28 Chain Barding Armor
26:14 Husbandry
Lord_Wilfredo
8:09 Loom
9:55 Feudal Age
16:25 Castle Age
15:40 Fletching
16:41 Padded Archer Armor
27:14 Leather Archer Armor
27:34 Bodkin Arrow
33:10 Horse Collar
33:29 Double-Bit Axe
36:57 Ballistics
kkrieger5718
10:57 Feudal Age
11:02 Feudal Age
9:18 Loom
11:31 Double-Bit Axe
12:35 Fishing Lines
19:00 Castle Age
16:52 Fletching
18:03 Stone Mining
18:05 Gold Mining
19:39 Bodkin Arrow
20:44 Bow Saw
20:52 Medium Warships
22:02 Wheelbarrow
22:00 Padded Archer Armor
23:02 Crossbowman
28:09 Hand Cart
[GDL] Maldito Pantoja
7:05 Loom
10:05 Feudal Age
14:42 Fletching
15:41 Padded Archer Armor
23:19 Castle Age
21:54 Scale Mail Armor
23:22 Crossbowman
24:05 Bodkin Arrow
24:44 Pikeman
29:41 Wheelbarrow
kojimo
7:49 Loom
9:54 Feudal Age
11:28 Double-Bit Axe
20:34 Castle Age
19:55 Fletching
20:36 Horse Collar
20:40 Crossbowman
21:45 Bodkin Arrow
26:41 Bow Saw
26:23 Town Watch
28:29 Wheelbarrow
27:25 Pikeman
30:15 Scale Mail Armor
30:25 Forging
32:30 Hand Cart
ROCK
6:56 Loom
9:07 Feudal Age
16:33 Bloodlines
Connection lost

Rejoining the realm…

Still unreachable

The connection could not be restored.

Session expired

The server has moved on; the page needs a fresh start.